AoeStats
← SS_Guxta

MegaRandom

510224219Analyzed
3v3 RM · 3d ago on Sep 30, 2026· 22m 25s· 6 players
Game mode
Random Map
Map size
Normal (6 player)
Population
200
Speed
Normal
Resources
Standard
Victory
Conquest
Starting age
Dark Age
Ending age
Imperial Age
RankedLock teamsTeams togetherTeam positionsShared explorationLock speedFull tech treeHidden civsTurbo modeCheats
Victory
Defeat
🇺🇸 Huns · United States
1663
+7
🇧🇷 Malians · Brazil
1643
+7
🇧🇷 Lithuanians · Brazil
1524
+10
🇩🇪 Chinese · Germany
1474
-10
🇩🇪 Bengalis · Germany
1400
-7
🇩🇪 Portuguese · Germany
1391
-7
vjotaSS
6:45 Loom
8:58 Feudal Age
9:28 Double-Bit Axe
14:34 Fletching
14:44 Padded Archer Armor
23:01 Castle Age
21:59 Gold Mining
SS_Guxta
6:16 Loom
9:02 Feudal Age
9:58 Double-Bit Axe
20:54 Castle Age
19:46 Bloodlines
19:54 Scale Barding Armor
20:53 Forging
20:33 Gold Mining
22:17 Bow Saw
SS_T3q
8:28 Loom
10:37 Feudal Age
15:18 Castle Age
15:14 Fletching
15:23 Crossbowman
19:33 Bodkin Arrow
20:32 Padded Archer Armor
22:00 Double-Bit Axe
21:56 Horse Collar
Aremenius
6:23 Loom
7:05 Loom
8:55 Feudal Age
8:59 Loom
9:56 Double-Bit Axe
16:47 Fletching
22:28 Castle Age
21:05 Padded Archer Armor
vR-MrReD
0:28 Loom
9:01 Feudal Age
10:14 Double-Bit Axe
17:46 Wheelbarrow
22:16 Castle Age
21:04 Gold Mining
20:57 Horse Collar
22:26 Bloodlines
Shizo
7:34 Loom
10:00 Feudal Age
10:39 Double-Bit Axe
12:44 Fletching
18:58 Padded Archer Armor
25:00 Castle Age
Connection lost

Rejoining the realm…

Still unreachable

The connection could not be restored.

Session expired

The server has moved on; the page needs a fresh start.